 Dungeon Sprint DCSS version 0.28-a0-1594-ga885d4b3d6 (webtiles) character file.

Game seed: 12987867675409418416

411 innerfire433 the Basher (level 6, -3/30 (57) HPs)
             Began as a Demonspawn Chaos Knight on Jan 20, 2022.
             Was a Plaything of Xom.
             Slain by Sonja (8 damage)
             ... in the Dungeon (Sprint I: "Red Sonja").
             The game lasted 00:01:37 (337 turns).

innerfire433 the Basher (Demonspawn Chaos Knight)    Turns: 337, Time: 00:01:37

HP:   -3/30 (57)    AC:  5    Str: 15    XL:     6   Next: 58%
MP:   6/6           EV: 11    Int: 13    God:    Xom [..*...]
Gold: 297           SH:  0    Dex: 12    Spells: 5/5 levels left

rFire   . . .      SeeInvis .   a - +0 mace (chaos)
rCold   . . .      Faith    .   (no shield)
rNeg    . . .      Spirit   .   b - +2 leather armour
rPois   .          Reflect  .   (no helmet)
rElec   .          Harm     .   (no cloak)
rCorr   .          Rampage  .   (no gloves)
Will    .....      NoTele   +   (no boots)
Stlth   +.........              (no amulet)
HPRegen 0.10/turn               (no ring)
MPRegen 0.10/turn               (no ring)

@: lethally poisoned (-3 -> -6), slowed, very heavily drained, very slow
A: demonic guardian 1, powered by pain 1, weakness stinger 2
a: Renounce Religion


You were in the Dungeon.
You worshipped Xom.
You were a toy of Xom.
You visited 1 branch You collected 297 gold pieces.

Inventory:

Hand Weapons
 a - a +0 mace of chaos (weapon)
Armour
 b - a +2 leather armour (worn)
Wands
 g - a wand of acid (2)
 i - a wand of digging (6)
Scrolls
 h - a scroll of blinking
 j - a scroll of identify {unknown}
Potions
 e - a potion of haste
 f - 2 potions of magic


   Skills:
 - Level 8.4 Fighting
 + Level 10.1 Maces & Flails
 + Level 5.0 Armour
 - Level 1.6 Dodging
 - Level 1.0 Stealth


You had 5 spell levels left.
You didn't know any spells.
Your spell library was empty.

Dungeon Overview and Level Annotations

Branches:
Dungeon (1/1)

Altars:
Cheibriados
Dithmenos
Elyvilon
Fedhas
Gozag
Hepliaklqana
Kikubaaqudgha
Nemelex Xobeh
Okawaru
Qazlal
Ru
Sif Muna
Trog
Uskayaw
Vehumet
Wu Jian
Yredelemnul
Zin
The Shining One

Shops:
D (

Annotations:
D Sonja


Innate Abilities, Weirdness & Mutations

A weak demonic guardian rushes to your aid.
You sometimes gain a little power by taking damage.
You have a tail ending in a sharp stinger.


Message History

You have difficulty breathing.
* * * LOW HITPOINT WARNING * * *
A demonic guardian appears!
You feel as though you will be slow longer.
Sonja throws a curare-tipped dart.
The curare-tipped dart hits your iron imp.
Your iron imp barely misses Sonja.
You feel much better.
You feel very sick.
Sonja throws a curare-tipped dart.
The curare-tipped dart hits your iron imp.
Your quasit completely misses Sonja. x2; Your quasit barely misses Sonja.
Sonja throws a curare-tipped dart.
The curare-tipped dart hits your iron imp.
Your iron imp closely misses Sonja.
You swap places.
You feel sick.
Your quasit bites Sonja.
Your quasit claws Sonja but does no damage.
Your quasit barely misses Sonja.
Sonja barely misses you. x2
Sonja hits you with a +0 dagger of draining.
You feel drained.
Your quasit completely misses Sonja.
Your quasit closely misses Sonja.
Your quasit completely misses Sonja.
Sonja closely misses you.
Sonja hits you with a +0 dagger of draining.
* * * LOW HITPOINT WARNING * * *
You feel drained.
* * * LOW HITPOINT WARNING * * *
Sonja hits you but does no damage.
You feel drained.
There is an open door, spattered with blood here.
You barely miss Sonja.
Sonja is lightly wounded.
You feel sick.
Your quasit barely misses Sonja.
Your quasit misses Sonja.
Your quasit closely misses Sonja.
Sonja hits you but does no damage.
You feel drained. Sonja hits you but does no damage.
You feel drained.
Sonja hits you with a +0 dagger of draining.
* * * LOW HITPOINT WARNING * * *
You feel drained.
* * * LOW HITPOINT WARNING * * *
Sonja hits you with a +0 dagger of draining!
You die...
Xom is highly amused!

#<.#..)..#..'..#
#..)..#..').#..+
#..#####'#####'#
#..####..#...#(#
#..#__####..##.#
#..#_____##'#_.+
#⌠⌠#_.∩...'÷.._#
####_..__##5K#+#
#_____###@#
#########5##
+$.$+ #$.$#
##.## #+#


You could see Sonja (ally target), a friendly iron imp (summoned) and a friendly
quasit (summoned).

Vanquished Creatures
  Sigmund (D)
  A jelly (D)
  Ijyb (D)
3 creatures vanquished.

Vanquished Creatures (collateral kills)
  A yak (D)
  A scorpion (D)
2 creatures vanquished.

Grand Total: 5 creatures vanquished

Notes
Turn   | Place    | Note
-------+----------+-------------------------------------------
     0 | D        | innerfire433 the Demonspawn Chaos Knight began the quest
                  | for the Orb.
     0 | D        | Reached XP level 1. HP: 18/18 MP: 1/1
     1 | D        | Noticed Ijyb
     7 | D        | Killed Ijyb
     8 | D        | Reached skill level 4 in Maces & Flails
     8 | D        | Reached skill level 1 in Dodging
     8 | D        | Gained mutation: A weak demonic guardian rushes to your
                  | aid. [demonic ancestry]
     8 | D        | Reached XP level 2. HP: 26/26 MP: 2/2
    13 | D        | Noticed an ogre
    15 | D        | Noticed a scorpion
    15 | D        | an ogre changed into a scorpion
    20 | D        | Killed a scorpion
    21 | D        | Reached skill level 5 in Maces & Flails
    21 | D        | Gained mutation: You sometimes gain a little power by
                  | taking damage. [demonic ancestry]
    21 | D        | Reached XP level 3. HP: 27/34 MP: 3/3
    21 | D        | Gained mutation: You have a small tail. [demonic ancestry]
    21 | D        | Reached XP level 4. HP: 32/40 MP: 4/4
    34 | D        | Noticed Sigmund
    38 | D        | Killed Sigmund
    39 | D        | Reached skill level 8 in Maces & Flails
    39 | D        | Reached XP level 5. HP: 46/49 MP: 5/5
    54 | D        | Found an ornate altar of the Wu Jian Council.
    54 | D        | Found a shimmering blue altar of Sif Muna.
    56 | D        | Found a radiant altar of Vehumet.
    61 | D        | Gained mutation: You have a tail ending in a sharp stinger.
                  | [demonic ancestry]
    61 | D        | Reached XP level 6. HP: 53/57 MP: 6/6
    66 | D        | Found Vein's Antique Weapon Emporium.
    66 | D        | Found an ancient bone altar of Kikubaaqudgha.
    66 | D        | Found a hazy altar of Hepliaklqana.
    66 | D        | Found a stormy altar of Qazlal.
    66 | D        | Found a hide-covered altar of Uskayaw.
    66 | D        | Found a blossoming altar of Fedhas.
    66 | D        | Found a bloodstained altar of Trog.
    66 | D        | Found an iron altar of Okawaru.
    66 | D        | Found a basalt altar of Yredelemnul.
    66 | D        | Found a snail-covered altar of Cheibriados.
    66 | D        | Found a sacrificial altar of Ru.
    66 | D        | Found a shadowy altar of Dithmenos.
    66 | D        | Noticed a yak
    72 | D        | Found an opulent altar of Gozag.
    79 | D        | Killed a yak
    80 | D        | Reached skill level 10 in Maces & Flails
    80 | D        | Reached skill level 5 in Armour
    80 | D        | Reached skill level 1 in Stealth
    82 | D        | Found a sparkling altar of Nemelex Xobeh.
   325 | D        | Noticed Sonja
   337 | D        | Slain by Sonja

Illustrated notes

Levels and vault maps discovered:
D:        dungeon_sprint_1 [red_sonja_temple_1, red_sonja_temple_small_1]

Skill      XL: |  1  2  3  4  5  6 |
---------------+-------------------+-----
Fighting       | 4 6 8 |  8.4
Maces & Flails | 4 5 8 10 | 10.1
Armour         | 2 3 4 5 |  5.0
Dodging        | 1 |  1.6
Stealth        | 1 |  1.0

Action                   |  1- 3 |  4- 6 || total
-------------------------+-------+-------++-------
Melee: Mace              |    11 |    14 ||    25
       Punch             |     1 |     1 ||     2
       Tailslap          |       |     2 ||     2
Evoke: Wand              |     1 |       ||     1
  Use: Potion            |     1 |     2 ||     3
 Stab: Distracted        |       |     1 ||     1
Armor: Leather armour    |       |     5 ||     5
Dodge: Dodged            |    12 |    11 ||    23

Table legend: (Time is in decaauts)
 A = Elapsed time spent in this place.
 B = Non-inter-level travel time spent in this place.
 C = Inter-level travel time spent in this place.
 D = Time resting spent in this place.
 E = Time spent auto-exploring this place.
 F = Levels seen in this place.
 G = Mean time per level.
                   A        B        C        D        E       F      G
               +--------+--------+--------+--------+--------+-----+--------+
         Total |    351 |    351 |      0 |      0 |    217 |   1 |  351.0 |
       Dungeon |    351 |    351 |      0 |      0 |    217 |   1 |  351.0 |
               +--------+--------+--------+--------+--------+-----+--------+

Top non-repeatable levels by time:
       D: 351 daAuts
